 Dungeon Crawl Stone Soup version 0.26-a0-1038-gfb849e850a (webtiles) character file.

Game seed: 9661872748136469096

1798 Delamore the Basher (level 9, 0/54 HPs)
             Began as a Gargoyle Fighter on Dec 11, 2020.
             Was a Believer of Okawaru.
             Killed from afar by a gargoyle (18 damage)
             ... with a stone arrow
             ... on level 7 of the Dungeon.
             The game lasted 00:09:32 (6610 turns).

Delamore the Basher (Gargoyle Fighter)              Turns: 6610, Time: 00:09:32

Health: 0/54       AC: 23    Str: 20    XL:     9   Next: 9%
Magic:  9/9        EV:  7    Int: 10    God:    Okawaru [**....]
Gold:   105        SH: 14    Dex:  9    Spells: 8/8 levels left

rFire    . . .     SeeInvis +   C - +4 mace (protect)
rCold    . . .     Faith    .   c - +0 kite shield
rNeg     + . .     Spirit   .   b - +0 scale mail
rPois    ∞         Reflect  +   y - +0 helmet
rElec    +         Harm     .   F - +0 cloak of Boredom {rPois Str-2 SInv Stlth+} (curse)
rCorr    .         Rampage  .   o - +0 pair of gloves
Will     .....                  (no boots)
Stlth    +.........             q - amulet of reflection
HPRegen  0.18/turn              (no ring)
MPRegen  0.11/turn              (no ring)

@: protection aura
A: negative energy resistance 1, electricity resistance, unbreathing,
petrification resistance, rot immunity, AC +6
a: Heroism, Renounce Religion


You were on level 7 of the Dungeon.
You worshipped Okawaru.
Okawaru was pleased with you.
You visited 2 branches of the dungeon, and saw 8 of its levels.

You collected 399 gold pieces.
You spent 294 gold pieces at shops.

Inventory:

Hand Weapons
 a - a +0 flail
 C - a +4 mace of protection (weapon)
 D - a +1 morningstar
Missiles
 w - a throwing net (quivered)
Armour
 b - a +0 scale mail (worn)
 c - a +0 kite shield (worn)
 l - a +0 plate armour
 o - a +0 pair of gloves (worn)
 y - a +0 helmet (worn)
 F - the cursed +0 cloak of Boredom (worn) {rPois Str-2 SInv Stlth+}
   (You bought it in a shop on level 5 of the Dungeon)

   It affects your strength (-2).
   It protects you from poison.
   It lets you see invisible.
   It makes you more stealthy.
   It has a curse placed upon it.
 H - a scarf of shadows
Jewellery
 m - an uncursed ring of ice
 p - an uncursed amulet of the acrobat
 q - an amulet of reflection (around neck)
Wands
 B - a wand of flame (52)
 E - a wand of random effects (25)
Scrolls
 f - 3 scrolls of amnesia
 g - 3 scrolls of identify
 h - a scroll of enchant armour
 i - 3 scrolls of teleportation
 n - 5 scrolls of enchant weapon
 r - 2 scrolls of fog
 s - 2 scrolls of magic mapping
Potions
 d - 2 potions of might
 e - 2 potions of degeneration {unknown}
 j - a potion of brilliance {unknown}
 k - 3 potions of curing
 t - a potion of attraction {unknown}
 u - 2 potions of cancellation {unknown}
 v - 2 potions of heal wounds
 x - 2 potions of haste {unknown}
 z - 2 potions of magic {unknown}
 A - 2 potions of lignification {unknown}
 G - a potion of ambrosia {unknown}
 I - 2 potions of mutation {unknown}


   Skills:
 - Level 5.0 Fighting
 + Level 10.3 Maces & Flails
 - Level 3.7 Armour
 - Level 0.2 Dodging
 - Level 5.0 Shields


You had 8 spell levels left.
You didn't know any spells.
Your spell library contained the following spells:

 Spells                   Type           Power        Failure   Level
 Confusing Touch          Hex            #.......     100%        3
 Gell's Gravitas          Tloc           #.........   100%        3
 Petrify                  Tmut/Erth      #.......     100%        4
 Metabolic Englaciation   Hex/Ice        #.........   100%        5
 Yara's Violent Unravell  Hex/Tmut       #.........   100%        5


Dungeon Overview and Level Annotations

Branches:
Dungeon (7/15)             Temple (1/1) D:6

Altars:
Ashenzari
Cheibriados
Dithmenos
Elyvilon
Fedhas
Gozag
Hepliaklqana
Kikubaaqudgha
Nemelex Xobeh
Okawaru
Ru
Sif Muna
Trog
Uskayaw
Wu Jian
Xom
Yredelemnul
Zin
The Shining One

Shops:
D:5 [

Annotations:
D:6 1 runed translucent door
D:7 3 runed translucent doors, Prince Ribbit; rlgrobin's ghost, novice TeDe


Innate Abilities, Weirdness & Mutations

You are resistant to torment.
Your stone body is resilient. (AC +6)
You are immune to poison.
You resist negative energy. (rN+)
You are resistant to electric shocks. (rElec)
You can survive without breathing.
You are immune to petrification.
You are immune to rotting.


Message History

You closely miss the gargoyle.
The gargoyle is moderately damaged.
You block the gargoyle's attack.
You hit the gargoyle but do no damage.
The gargoyle is moderately damaged.
You hit the gargoyle but do no damage.
The gargoyle is moderately damaged.
The gargoyle hits you but does no damage.
You hit the gargoyle but do no damage.
The gargoyle is moderately damaged.
The gargoyle hurls a stone arrow at you.
The stone arrow hits you!!
You hit the gargoyle.
The gargoyle is heavily damaged.
You block the gargoyle's attack.
You barely miss the gargoyle.
The gargoyle is heavily damaged.
The gargoyle hurls a stone arrow at you.
The stone arrow hits you!!
You die...

### ###
#####.#####.............
..# ##.
........###.######## #.# ..
###.....# #.# #.# ##.# ###
###.### #.## #.# #..
##+.+## #..## #..# #.#
#.###+.....+###..# ##.#
#.###.#8#.......#)#..####.#
#...............9##....##.#
#.##........8...@##.......#
..###...........+##...†####
..# #.#8#.......# #..#.#
.## #.###+.....'###.>#.# ##
#..# ##'.'##8#..##.# #
##.###8###.###..##.#
###...#######....##.#
#................##.#
####.####.......#.#.# .#


You could see a gargoyle.

Vanquished Creatures
  A gargoyle (D:7)
  Eustachio (D:5)
  An ice beast (D:7)
  3 sky beasts
  2 phantoms
  2 bullfrogs (D:6)
  2 scorpions (D:4)
  A howler monkey (D:7)
  A jelly (D:6)
  An orc priest (D:4)
  A hound (D:7)
  2 orc wizards (D:4)
  A centaur skeleton (D:7)
  4 worker ants
  A killer bee zombie (D:7)
  6 gnolls
  8 adders
  A shadow imp (D:6)
  A white imp (D:6)
  An ooze (D:4)
  A worm (D:3)
  The ghost of rlgrobin the Sneak, a weakling KoDe (D:6)
  13 dart slugs
  2 leopard geckos
  6 orcs
  6 bats
  2 giant cockroaches (D:2)
  11 hobgoblins
  3 jackals (D:6)
  2 quokkas (D:4)
  A ball python (D:1)
  3 frilled lizards
  4 goblins
  A jackal skeleton (D:6)
  7 kobolds
  2 leopard gecko skeletons (D:5)
  6 rats
112 creatures vanquished.

Notes
Turn   | Place    | Note
-------+----------+-------------------------------------------
     0 | D:1      | Delamore the Gargoyle Fighter began the quest for the Orb.
     0 | D:1      | Reached XP level 1. HP: 14/14 MP: 1/1
   233 | D:1      | Reached XP level 2. HP: 19/19 MP: 2/2
   745 | D:2      | Reached XP level 3. HP: 23/23 MP: 3/3
   791 | D:2      | You fall into a shaft and drop 1 floor!
   797 | D:3      | Found a hazy altar of Hepliaklqana.
  1131 | D:3      | Reached XP level 4. HP: 23/29 MP: 4/4
  1140 | D:2      | Reached skill level 3 in Maces & Flails
  1457 | D:2      | Found a hide-covered altar of Uskayaw.
  2262 | D:3      | Reached XP level 5. HP: 24/33 MP: 5/5
  2397 | D:3      | Found a white marble altar of Elyvilon.
  2672 | D:3      | Found an opulent altar of Gozag.
  2736 | D:3      | Found a shadowy altar of Dithmenos.
  2872 | D:4      | Reached XP level 6. HP: 39/39 MP: 6/6
  2877 | D:4      | Reached skill level 4 in Maces & Flails
  3059 | D:4      | Reached skill level 5 in Fighting
  3059 | D:4      | Reached skill level 5 in Shields
  4023 | D:5      | Entered Level 5 of the Dungeon
  4065 | D:5      | Found a basalt altar of Yredelemnul.
  4213 | D:5      | Found Ycafat's Antique Armour Boutique.
  4228 | D:5      | Reached skill level 5 in Maces & Flails
  4228 | D:5      | Reached XP level 7. HP: 43/44 MP: 7/7
  4306 | D:5      | Noticed Eustachio
  4448 | D:5      | Killed Eustachio
  4599 | D:5      | Found a faded altar of an unknown god.
  4599 | D:5      | Found a blossoming altar of Fedhas.
  4604 | D:5      | Found a glowing golden altar of the Shining One.
  4606 | D:5      | Found a shimmering altar of Xom.
  4609 | D:5      | Found a faded altar of an unknown god.
  4897 | D:6      | Reached skill level 6 in Maces & Flails
  4962 | D:6      | Found a staircase to the Ecumenical Temple.
  5045 | Temple   | Entered the Ecumenical Temple
  5154 | Temple   | Became a worshipper of Warmaster Okawaru
  5228 | D:6      | Found a shimmering blue altar of Sif Muna.
  5276 | D:6      | Found a runed translucent door.
  5397 | D:6      | Noticed rlgrobin's ghost (weakling KoDe)
  5438 | D:6      | Found a runed translucent door.
  5467 | D:6      | Reached skill level 7 in Maces & Flails
  5467 | D:6      | Reached XP level 8. HP: 30/49 MP: 8/8
  5469 | D:6      | Killed rlgrobin's ghost
  5821 | D:5      | Bought a warped cloak for 294 gold pieces
  5826 | D:5      | Identified the cursed +0 cloak of Boredom {rPois Str-2 SInv
                  | Stlth+} (You bought it in a shop on level 5 of the Dungeon)
  5954 | D:7      | Found a runed translucent gate.
  5954 | D:7      | Found a runed translucent gate.
  5957 | D:7      | Found a runed translucent gate.
  5958 | D:7      | Noticed rlgrobin's ghost (novice TeDe)
  6015 | D:7      | Reached skill level 8 in Maces & Flails
  6024 | D:7      | Reached * piety under Okawaru
  6204 | D:7      | Noticed Prince Ribbit
  6213 | D:7      | Reached skill level 9 in Maces & Flails
  6453 | D:7      | Noticed a gargoyle
  6471 | D:7      | Killed a gargoyle
  6471 | D:7      | Reached ** piety under Okawaru
  6472 | D:7      | Reached skill level 10 in Maces & Flails
  6472 | D:7      | Reached XP level 9. HP: 34/54 MP: 9/9
  6593 | D:7      | Noticed a gargoyle
  6610 | D:7      | Killed from afar by a gargoyle

Illustrated notes

Levels and vault maps discovered:
D:1:      erik_arrival_triangle_small, layout_loops_cross, minmay_door_square
D:2:      layout_rooms, old_standard_altar, minmay_misc_feat_square
D:3:      kennysheep_slugbush, layout_loops_ring, lemuel_round_altar,
          lemuel_round_altar, elyvilon_altar_3, nicolae_gozag_seed_capital
D:4:      wander_river, layout_basic
D:5:      layout_cave_pools, chequers_temple_overflow_minitemple,
          nicolae_overflow_hidden_temple, serial_shops, nicolae_shop_stone,
          uniq_eustachio
D:6:      layout_gridville, marbit_many_paths, minmay_temple_entry_waves,
          ebering_ghost_sewer_f
D:7:      cheibrodos_statue_roulette, layout_loops_ring, grunt_qazlal_clouds,
          ebering_ghost_rock_garden, uniq_prince_ribbit1
Temple:   nicolae_temple_figure_zero

Skill      XL: |  1  2  3  4  5  6  7  8 |
---------------+-------------------------+-----
Maces & Flails | 3 5 7 10 | 10.3
Shields        | 4 5 |  5.0
Fighting       | 4 5 |  5.0
Armour         | |  3.7
Dodging        | |  0.2

Action                   |  1- 3 |  4- 6 |  7- 9 || total
-------------------------+-------+-------+-------++-------
Melee: Flail             |    87 |   220 |     6 ||   313
       Morningstar       |       |       |   220 ||   220
       Mace              |       |       |    17 ||    17
Evoke: Wand              |       |       |     2 ||     2
  Use: Scroll            |       |       |     8 ||     8
       Potion            |       |       |     3 ||     3
Armor: Scale mail        |    78 |    95 |   155 ||   328
Dodge: Dodged            |    40 |    47 |    80 ||   167
Block: Kite shield       |    47 |   205 |   283 ||   535
       Reflection        |       |     6 |     3 ||     9

Table legend: (Time is in decaauts)
 A = Elapsed time spent in this place.
 B = Non-inter-level travel time spent in this place.
 C = Inter-level travel time spent in this place.
 D = Time resting spent in this place.
 E = Time spent auto-exploring this place.
 F = Levels seen in this place.
 G = Mean time per level.
                   A        B        C        D        E       F      G
               +--------+--------+--------+--------+--------+-----+--------+
         Total |   6803 |   6586 |    217 |    611 |   4657 |   8 |  850.4 |
       Dungeon |   6683 |   6475 |    208 |    611 |   4550 |   7 |  954.7 |
        Temple |    119 |    110 |      9 |      0 |    107 |   1 |  119.0 |
               +--------+--------+--------+--------+--------+-----+--------+

Top non-repeatable levels by time:
     D:4: 1293 daAuts
     D:3: 1235 daAuts
     D:6: 1175 daAuts
     D:2: 987 daAuts
     D:1: 738 daAuts
     D:5: 679 daAuts
     D:7: 574 daAuts
  Temple: 119 daAuts
